 Dungeon Crawl Stone Soup version 0.30-a0-354-g6b83867211 (webtiles) character file.

Game seed: 4497021334961281084

232 koil the Sneak (level 5, -3/23 (26) HPs)
             Began as a Spriggan Enchanter on Nov 7, 2022.
             Slain by Duvessa
             ... wielding a +5 rapier of draining
              (7 damage)
             ... on level 4 of the Dungeon.
             The game lasted 00:10:48 (3457 turns).

koil the Sneak (Spriggan Enchanter)                 Turns: 3457, Time: 00:10:48

HP:   -3/23 (26)    AC:  3    Str: 10    XL:     5   Next: 73%
MP:   1/11          EV: 18    Int: 18    God:
Gold: 165           SH:  0    Dex: 16    Spells: 3/11 levels left

rFire   . . .      SeeInvis +    a - +1 dagger
rCold   . . .      Faith    .    (no shield)
rNeg    . . .      Spirit   .    b - +0 robe
rPois   +          Reflect  .    (helmet restricted)
rElec   .          Harm     .    v - +0 cloak
rCorr   .          Rampage  .    (gloves unavailable)
Will    .....                    (boots unavailable)
Stlth   +++.......               (no amulet)
HPRegen 0.23/turn                j - ring of poison resistance
MPRegen 0.12/turn                x - +6 ring of strength

@: confusing by touch, flying, heavily drained, very quick
A: very small, no large weapons, unfitting armour, see invisible, speed 3
a: no special abilities


You were on level 4 of the Dungeon.
You visited 1 branch of the dungeon, and saw 4 of its levels.

You collected 165 gold pieces.

Inventory:

Hand Weapons
 a - a +1 dagger (weapon)
 u - a +4 quarterstaff of chaos
Missiles
 r - 4 poisoned darts (quivered)
Armour
 b - a +0 robe (worn)
 o - a +0 cloak
 v - a +0 cloak (worn)
Jewellery
 j - a ring of poison resistance (left hand)
 x - a +6 ring of strength (right hand)
Wands
 q - a wand of digging (4)
Scrolls
 f - 4 scrolls of identify {unknown}
 g - 2 scrolls of magic mapping {unknown}
 h - a scroll of noise {unknown}
 k - 2 scrolls of silence {unknown}
 l - a scroll of vulnerability {unknown}
 m - 2 scrolls of amnesia {unknown}
 n - a scroll of blinking {unknown}
 p - a scroll of summoning {unknown}
 s - 2 scrolls of enchant armour {unknown}
Potions
 c - 2 potions of invisibility
 d - a potion of flight
 e - a potion of mutation {unknown}
 i - a potion of curing {unknown}
 t - a potion of brilliance {unknown}
 w - a potion of attraction {unknown}


   Skills:
 + Level 1.7 Fighting
 + Level 2.4 Short Blades
 + Level 4.0 Dodging
 + Level 5.7 Stealth
 + Level 3.8 Spellcasting
 + Level 4.6 Hexes


You had 3 spell levels left.
You knew the following spells:

 Your Spells              Type           Power      Damage    Failure   Level
a - Ensorcelled Hibernat  Hex/Ice        22%        N/A       9%          2
b - Confusing Touch       Hex            20%        N/A       7%          3
c - Dazzling Flash        Conj/Hex       22%        N/A       17%         3

Your spell library contained the following spells:

 Spells                   Type           Power      Damage    Failure   Level
 Tukima's Dance           Hex            20%        N/A       7%          3
 Kiss of Death            Conj/Necr      12%        2d6       16%         1
 Dispel Undead            Necr           3%         3d7       83%         4


Dungeon Overview and Level Annotations

Branches:
Dungeon (4/15)
 Temple: D:4-7

Altars:

Shops:
D:3 [

Annotations:
D:4 Dowan, Duvessa


Innate Abilities, Weirdness & Mutations

You are very small and have problems with some larger weapons.
You are too small for most types of armour.
You have supernaturally acute eyesight. (SInv)
You cover ground extremely quickly. (Speed+++)


Message History

You closely miss the goblin.
The goblin is moderately wounded.
The goblin closely misses you.
You hit the goblin.
You kill the goblin!
The hound barely misses you.
Casting: Ensorcelled Hibernation (safe; 9% risk of failure)
Confirm with . or Enter, or press ? or * to list all spells.
The spell is quite dangerous to miscast (7% risk of failure)!
Continue anyway?
Your hands begin to glow red.
The hound barely misses you.
You hit the hound but do no damage. The hound bites you.
Duvessa says, "Where magic fails, the sword succeeds!"
You hit the hound but do no damage.
The hound appears confused.
The hound bites you but does no damage.
The hound bites itself.
You barely miss the hound.
The hound is lightly wounded.
You catch the helpless hound completely off-guard!
You puncture the hound!
You kill the hound!
Your Dodging skill increases to level 4!
Casting: Confusing Touch (quite dangerous; 7% risk of failure)
Confirm with . or Enter, or press ? or * to list all spells.
The spell is quite dangerous to miscast (7% risk of failure)!
Continue anyway?
Your hands begin to glow red.
Duvessa closely misses you.
You hit Duvessa but do no damage.
Duvessa hits you with a +5 rapier of draining.
You feel drained. Dowan hits you with a +0 dagger.
You hit Duvessa but do no damage.
Duvessa hits you with a +5 rapier of draining!
* * * LOW HITPOINT WARNING * * *
You feel drained.
* * * LOW HITPOINT WARNING * * *
Dowan casts a spell.
Dowan blinks!
Okay, then.
It was a potion of flight.
You feel very buoyant.
You fly up into the air.
Duvessa hits you with a +5 rapier of draining!
You die...

...# #.. . ...##
#.# ..# #... #.#
..#..### #.#
.....# #.#
#.#B##### #.##.#
#.......####<...#
#e#...§.......###
#@####....##.##
+§###...#....#
#.......e.##..
#.........##..
##....$....##.#
##..........##.#
.8#....).....B#
..........>....#
.................


You could see Duvessa and a giant cockroach (wandering).

Vanquished Creatures
  A black bear (D:2)
  A hound (D:4)
  Terence (D:2)
  Crazy Yiuf (D:2)
  2 adders
  A dart slug (D:2)
  4 bats
  5 endoplasms
  3 giant cockroaches
  4 goblins
  5 hobgoblins
  A quokka (D:2)
  A ball python (D:2)
  2 frilled lizards
  7 kobolds
  3 rats
42 creatures vanquished.

Vanquished Creatures (others)
  2 plants (D:1)
2 creatures vanquished.

Grand Total: 44 creatures vanquished

Notes
Turn   | Place    | Note
-------+----------+-------------------------------------------
     0 | D:1      | koil the Spriggan Enchanter began the quest for the Orb.
     0 | D:1      | Reached XP level 1. HP: 9/9 MP: 5/5
   106 | D:1      | Reached XP level 2. HP: 13/13 MP: 6/6
   115 | D:1      | Learned a level 2 spell: Ensorcelled Hibernation
   637 | D:2      | Reached XP level 3. HP: 16/17 MP: 5/8
   796 | D:2      | Found a runed translucent door.
   797 | D:2      | Noticed Crazy Yiuf
  1204 | D:2      | Noticed a black bear
  1287 | D:2      | Killed a black bear
  1288 | D:2      | Reached skill level 1 in Fighting
  1288 | D:2      | Reached skill level 5 in Stealth
  1288 | D:2      | Reached XP level 4. HP: 16/22 MP: 4/10
  1551 | D:2      | Noticed Terence
  1899 | D:2      | Learned a level 3 spell: Confusing Touch
  1903 | D:2      | Learned a level 3 spell: Dazzling Flash
  2273 | D:2      | Killed Terence
  2274 | D:2      | Reached XP level 5. HP: 25/25 MP: 8/11
  2675 | D:2      | Killed Crazy Yiuf
  3270 | D:3      | Found Wigueq's Antique Armour Boutique.
  3424 | D:4      | Noticed Duvessa
  3424 | D:4      | Noticed Dowan
  3457 | D:4      | Slain by Duvessa

Illustrated notes

Levels and vault maps discovered:
D:1:      roderic_crop_circles_arrival_small, layout_basic
D:2:      layout_basic, uniq_terence, uniq_crazy_yiuf_cottage
D:3:      layout_loops_ring, serial_shops, shop, grunt_ministairs_13
D:4:      layout_rooms, jmf_multi_god_temple,
          nicolae_ru_great_annihilating_truth, uniq_duvessa, uniq_blork_the_orc

Skill      XL: |  1  2  3  4  5 |
---------------+----------------+-----
Dodging        | 3 4 |  4.0
Spellcasting   | 3 |  3.8
Hexes          | 4 |  4.6
Fighting       | 1 |  1.7
Short Blades   | 2 |  2.4
Stealth        | 5 |  5.7

Action                   |  1- 3 |  4- 6 || total
-------------------------+-------+-------++-------
Melee: Dagger            |    88 |    45 ||   133
       Punch             |     2 |     1 ||     3
Throw: Dart              |     2 |     2 ||     4
 Cast: Ensorcelled Hiber |     5 |     9 ||    14
       Confusing Touch   |       |     2 ||     2
  Use: Potion            |       |     1 ||     1
 Stab: Sleeping          |     9 |     5 ||    14
       Confused          |       |     1 ||     1
Armor: Robe              |    11 |     5 ||    16
Dodge: Dodged            |    68 |    25 ||    93

Table legend: (Time is in decaauts)
 A = Elapsed time spent in this place.
 B = Non-inter-level travel time spent in this place.
 C = Inter-level travel time spent in this place.
 D = Time resting spent in this place.
 E = Time spent auto-exploring this place.
 F = Levels seen in this place.
 G = Mean time per level.
                   A        B        C        D        E       F      G
               +--------+--------+--------+--------+--------+-----+--------+
         Total |   2270 |   2173 |     97 |     40 |   1725 |   4 |  567.5 |
       Dungeon |   2270 |   2173 |     97 |     40 |   1725 |   4 |  567.5 |
               +--------+--------+--------+--------+--------+-----+--------+

Top non-repeatable levels by time:
     D:2: 1394 daAuts
     D:3: 426 daAuts
     D:1: 424 daAuts
     D:4: 24 daAuts
